 Dungeon Crawl Stone Soup version 0.21.0-24-g2553a33 (webtiles) character file.

1057 Gorglomux the Shield-Bearer (level 8, -4/74 HPs)
             Began as a Deep Dwarf Fighter on Jan 21, 2018.
             Was an Initiate of Makhleb.
             Killed by nerve-wracking pain
             ... invoked by Grinder
              (13 damage)
             ... while paralysed by Grinder
             ... on level 5 of the Dungeon.
             The game lasted 00:01:48 (2151 turns).

Gorglomux the Shield-Bearer (Deep Dwarf Fighter)    Turns: 2151, Time: 00:01:49

Health: -4/74      AC: 15    Str: 22    XL:     8   Next: 6%
Magic:  8/8        EV:  2    Int:  9    God:    Makhleb [......]
Gold:   159        SH:  0    Dex: 12    Spells: 7/7 levels left

rFire    . . .     SeeInvis .   a - +0 war axe
rCold    . . .     Gourm    .   c - +0 shield
rNeg     . . .     Faith    .   X - +0 plate armour
rPois    .         Spirit   .   (no helmet)
rElec    .         Reflect  .   (no cloak)
rCorr    .         Harm     .   r - +1 pair of gloves
MR       +....                  (no boots)
Stlth    ..........             (no amulet)
HPRegen  0.00/turn              (no ring)
MPRegen  0.11/turn              (no ring)

@: paralysed, non-regenerating
A: damage resistance, heal wounds, sense surroundings 1, no regeneration
a: Heal Wounds, Renounce Religion


You were on level 5 of the Dungeon.
You worshipped Makhleb.
Makhleb was noncommittal.
You were not hungry.

You visited 2 branches of the dungeon, and saw 6 of its levels.

You collected 159 gold pieces.

Inventory:

Hand Weapons
 a - a +0 war axe (weapon)
Armour
 b - a +0 scale mail
 c - a +0 shield (worn)
 r - a +1 pair of gloves (worn)
 X - a +0 plate armour (worn)
Scrolls
 g - a scroll of remove curse {unknown}
 o - 2 scrolls of amnesia {unknown}
 q - 2 scrolls of enchant weapon {unknown}
 t - a scroll of blinking {unknown}
 T - 3 scrolls of teleportation
 W - a scroll of fog {unknown}
 Z - a scroll of immolation {unknown}
Potions
 d - a potion of might
 h - a potion of flight
 i - a potion of invisibility
 k - a potion of haste {unknown}
 m - a potion of heal wounds {unknown}
 s - 3 potions of ambrosia {unknown}
 Q - 3 potions of curing
 V - 2 potions of mutation {unknown}
Comestibles
 f - 10 rations


   Skills:
 + Level 5.0 Fighting
 + Level 5.5 Axes
 + Level 6.0 Armour
 + Level 6.1 Shields


You had 7 spell levels left.
You didn't know any spells.

Dungeon Overview and Level Annotations

Branches:
Dungeon (5/15)             Temple (1/1) D:5

Altars:
Elyvilon
Fedhas
Gozag
Kikubaaqudgha
Makhleb
Nemelex Xobeh
Okawaru
Qazlal
Ru
Uskayaw
Vehumet
Yredelemnul
The Shining One

Annotations:
D:5 Grinder


Innate Abilities, Weirdness & Mutations

You are resistant to damage.
You can heal yourself by infusing magical energy.
You passively map a small area around you.
You do not regenerate.


Message History

Grinder hits you! * * * butt't die
* * * You writhe in agony!
Your plate armour prevents you from butt Grinder!
Grinder is severely wounded!
Grinder gestures at you!
You suddenly lose the ability to move!!!
Butt hits you!!! * * * don'butt die
* * * You writhe in agony! * * * don't die
* * * Grinder hits you but does no damage!
Grinder hits you but butts no butt!
Grinder butts butt! * * * don't die
* * * You writhe in agony! * * * don't die
* * * Grinder gestures at you!
Pain shoots through your body!!! rip

..... #..#...#.......########
,.....,#..#...#...............
......#..#...#...............
......#..#...#..>............
......#..#...#...............
..........####...............
......P.P.........#'##.......
.......>..........#..#.......
*
......P.P...@.....#..#....###
>...........5.....#..#....'..
..................####....#..
..##+#####+#.....##.#.....#..
*
###........'.....#..#.....#..
, .........#.....#..'.....#..
* .>.......#.....#..#.....'..
#+####..##.....####.....#..
*..###..#####...........#..


You could see Grinder.

Vanquished Creatures
  Eustachio (D:5)
  Menkaure (D:5)
  Duvessa (D:5)
  A phantom (D:4)
  A centaur (D:5)
  An ogre (D:4)
  Dowan (D:5)
  A water moccasin skeleton (D:5)
  A crimson imp (D:5)
  A bullfrog zombie (D:5)
  A hound (D:4)
  2 orc priests (D:4)
  An orc wizard (D:4)
  An iguana (D:4)
  2 worker ants
  An adder (D:2)
  2 oozes
  An adder skeleton (D:4)
  A dart slug (D:2)
  A worm (D:3)
  3 leopard geckos
  6 orcs
  A giant cockroach (D:1)
  4 hobgoblins
  14 jackals
  2 kobolds
  A quokka (D:2)
  4 bats
  4 frilled lizards
  A goblin (D:1)
  2 rats
65 creatures vanquished.

Notes
Turn   | Place    | Note
-------+----------+-------------------------------------------
     0 | D:1      | Gorglomux the Deep Dwarf Fighter began the quest for the Orb.
     0 | D:1      | Reached XP level 1. HP: 20/20 MP: 1/1
     0 | D:1      | Noticed an iron dragon
     0 | D:1      | Noticed an ice dragon
     2 | D:1      | Noticed an orb of fire
     6 | D:1      | Noticed a shadow dragon
     8 | D:1      | Noticed a red draconian
    13 | D:1      | Noticed an orb of fire
    15 | D:1      | Noticed an iron dragon
    17 | D:1      | Noticed an ice dragon
    19 | D:1      | Noticed a shadow dragon
    19 | D:1      | Noticed a red draconian
    21 | D:1      | Noticed a tentacled monstrosity
   183 | D:1      | Reached XP level 2. HP: 18/27 MP: 2/2
   342 | D:2      | Reached skill level 3 in Fighting
   344 | D:2      | Reached XP level 3. HP: 33/34 MP: 3/3
   432 | D:2      | Found a faded altar of an unknown god.
   606 | D:3      | Reached skill level 3 in Axes
   804 | D:3      | Found a sparkling altar of Nemelex Xobeh.
   922 | D:4      | Reached XP level 4. HP: 20/42 MP: 4/4
   983 | D:4      | Noticed a phantom
  1036 | D:4      | Noticed an ogre
  1047 | D:4      | Killed an ogre
  1047 | D:4      | Reached XP level 5. HP: 39/49 MP: 5/5
  1053 | D:4      | Killed a phantom
  1053 | D:4      | Reached XP level 6. HP: 43/57 MP: 6/6
  1410 | D:5      | Entered Level 5 of the Dungeon
  1418 | D:5      | Noticed Duvessa
  1436 | D:5      | Killed Duvessa
  1460 | D:5      | Noticed Dowan
  1473 | D:5      | Killed Dowan
  1473 | D:5      | Reached XP level 7. HP: 41/66 MP: 7/7
  1515 | D:5      | Noticed Eustachio
  1589 | D:5      | Killed Eustachio
  1684 | D:5      | Noticed Menkaure
  1693 | D:5      | Killed Menkaure
  1733 | D:5      | Reached skill level 6 in Armour
  1733 | D:5      | Reached skill level 6 in Shields
  1733 | D:5      | Reached XP level 8. HP: 34/74 MP: 8/8
  1909 | D:5      | Found a staircase to the Ecumenical Temple.
  1977 | D:5      | Noticed Grinder
  1990 | D:5      | Paralysed by Grinder for 3 turns
  1994 | D:5      | Paralysed by Grinder for 5 turns
  2020 | Temple   | Entered the Ecumenical Temple
  2114 | Temple   | Became a worshipper of Makhleb the Destroyer
  2146 | D:5      | Paralysed by Grinder for 6 turns
  2151 | D:5      | Killed from afar by Grinder

Skill      XL: |  1  2  3  4  5  6  7 |
---------------+----------------------+-----
Fighting       | 3 4 5 |  5.0
Axes           | 3 4 5 |  5.5
Armour         | 4 5 6 |  6.0
Shields        | 4 5 6 |  6.1

Action                   |  1- 3 |  4- 6 |  7- 9 || total
-------------------------+-------+-------+-------++-------
Melee: War axe           |   152 |   117 |   142 ||   411
       Unarmed           |       |       |    10 ||    10
 Abil: Heal Wounds       |     1 |     4 |     4 ||     9
  Use: Scroll            |       |     4 |       ||     4
  Eat: Chunk             |       |     2 |     3 ||     5
Armor: Scale mail        |    93 |    49 |       ||   142
       Plate armour      |       |    27 |   198 ||   225
Dodge: Dodged            |    71 |    32 |    45 ||   148
Block: Shield            |   110 |    84 |   132 ||   326
